 Dungeon Crawl Stone Soup version 0.30-a0-956-gcec3b41aec (webtiles) character file.

Game seed: 11066699526125622951

76493 NinjaNoafa the Spry (level 15, 0/75 HPs)
             Began as a Felid Summoner on Mar 29, 2023.
             Was an Initiate of Gozag.
             Killed by Olgreb's Toxic Radiance
             ... invoked by a naga ritualist
              (3 damage)
             ... on level 3 of the Snake Pit on Mar 30, 2023.
             The game lasted 02:00:11 (33436 turns).

NinjaNoafa the Spry (Felid Summoner)               Turns: 33436, Time: 02:00:12

Health: 0/75       AC:  3    Str:  4    XL:     15   Next: 12%
Magic:  16/30      EV: 45    Int: 23    God:    Gozag
Gold:   2911       SH:  0    Dex: 22    Spells: 5/35 levels left
                                        Lives:  0   Deaths: 3

rFire   . . .      SeeInvis +    (weapon unavailable)
rCold   + . .      Faith    .    (shield unavailable)
rNeg    + . .      Spirit   .    (body armour unavailable)
rPois   .          Reflect  .    (helmet unavailable)
rElec   .          Rampage  .    (cloak unavailable)
rCorr   .                        (gloves unavailable)
Will    ++...                    (boots unavailable)
Stlth   +++                      x - amulet of regeneration
HPRegen 1.12/turn                u - ring of the Middle {+Blink Fly rN+ Dex+4}
MPRegen 0.22/turn                j - ring of the Hare {EV+10}

@: lethally poisoned (0 -> -4), gold aura, flying, quick
A: very small, claws 1, fangs 3, see invisible, speed 1, shaggy fur 3, stealthy
paws, no weapons or thrown items, no armour, multi-lived
a: Renounce Religion, Evoke Blink, Potion Petition, Call Merchant, Bribe Branch


You were on level 3 of the Snake Pit.
You worshipped Gozag.
Gozag was most pleased with you.
You visited 6 branches of the dungeon, and saw 27 of its levels.
You visited 1 bazaar.
You also visited: Ice Cave.

You collected 11098 gold pieces.
You spent 5451 gold pieces at shops.
You paid 2736 gold pieces to Gozag.

Inventory:

Hand Weapons
 S - a +0 battleaxe
Jewellery
 a - the ring of Ciefuah {rElec Will+ SInv}
   (You bought it in a shop in a bazaar)

   [ring of see invisible]

   rElec:     It insulates you from electricity.
   SInv:      It lets you see invisible.
   Will:      It increases your willpower.
 j - the ring of the Hare (right paw) {EV+10}
   (You acquired it on level 2 of the Dungeon)

   [ring of evasion]

   EV:        It affects your evasion (+10).
 u - the ring of the Middle (left paw) {+Blink Fly rN+ Dex+4}
   (You bought it in a shop on level 13 of the Dungeon)

   [ring of flight]

   Dex:       It affects your dexterity (+4).
   rN:        It protects you from negative energy.
   Fly:       It grants you flight.
   +Blink:    It lets you blink.
 x - an amulet of regeneration (around neck)
 B - a ring of resist corrosion
 G - a ring of protection from fire
 O - a ring of flight
Wands
 n - a wand of flame (42)
 p - a wand of paralysis (21)
 s - a wand of digging (5)
 v - a wand of polymorph (22)
 D - a wand of light (4)
 F - a wand of mindburst (37)
 K - a wand of iceblast (14)
Scrolls
 g - a scroll of identify
 h - 4 scrolls of vulnerability
 i - a scroll of magic mapping
 k - 6 scrolls of fear
 o - 3 scrolls of silence
 q - 11 scrolls of teleportation
 y - 4 scrolls of fog
 z - 3 scrolls of blinking
 A - 6 scrolls of butterflies
 H - 2 scrolls of poison
 I - 4 scrolls of immolation
 M - 4 scrolls of torment
 U - a scroll of amnesia
Potions
 b - 6 potions of flight
 c - 4 potions of cancellation
 d - 6 potions of curing
 e - 7 potions of heal wounds
 f - 5 potions of attraction
 l - a potion of invisibility
 m - 4 potions of brilliance
 r - 3 potions of mutation
 t - a potion of ambrosia
 w - 2 potions of berserk rage
 C - 2 potions of resistance
 E - a potion of might
 L - 3 potions of lignification
 N - 5 potions of haste
 P - a potion of magic
Miscellaneous
 J - a condenser vane
 Q - a phial of floods
 R - a box of beasts
 T - a lightning rod (4/4)


   Skills:
 + Level 13.9 Fighting
 - Level 17.9 Dodging
 - Level 2.6 Stealth
 - Level 10.6 Spellcasting
 - Level 8.0 Hexes
 - Level 15.6 Summonings
 - Level 7.0 Translocations
 - Level 10.2 Transmutations
 - Level 8.9 Air Magic
 - Level 0.9 Earth Magic
 - Level 7.1 Evocations


You had 5 spell levels left.
You knew the following spells:

 Your Spells              Type           Power      Damage    Failure   Level
a - Yara's Violent Unrav  Hex/Tmut       26%        3d11      3%          5
b - Passwall              Tmut/Erth      31%        N/A       1%          2
c - Call Canine Familiar  Summ           71%        N/A       1%          3
d - Summon Guardian Gole  Hex/Summ       61%        N/A       1%          3
e - Summon Lightning Spi  Summ/Air       62%        N/A       1%          4
f - Tukima's Dance        Hex            49%        N/A       1%          3
g - Passage of Golubria   Tloc           44%        N/A       3%          4
h - Summon Cactus Giant   Summ           35%        N/A       1%          6

Your spell library contained the following spells:

 Spells                   Type           Power      Damage    Failure   Level
 Summon Small Mammal      Summ           100%       N/A       0%          1
 Call Imp                 Summ           71%        N/A       0%          2
 Apportation              Tloc           88%        N/A       1%          1
 Blink                    Tloc           88%        N/A       1%          2
 Ensorcelled Hibernation  Hex/Ice        60%        N/A       1%          2
 Static Discharge         Conj/Air       64%        2-5/arc   1%          2
 Gell's Gravitas          Tloc           44%        N/A       1%          3
 Swiftness                Air            52%        N/A       1%          3
 Teleport Other           Tloc           44%        N/A       1%          3
 Vhi's Electric Charge    Tloc/Air       96%        N/A       1%          3
 Summon Forest            Summ/Tloc      29%        N/A       1%          5
 Summon Mana Viper        Hex/Summ       61%        N/A       1%          5
 Blade Hands              Tmut           28%        N/A       2%          5
 Dazzling Flash           Conj/Hex       60%        N/A       3%          3
 Manifold Assault         Tloc           44%        N/A       3%          4
 Necrotise                Necr           48%        1d6       5%          1
 Scorch                   Fire           24%        2d6       9%          2
 Leda's Liquefaction      Hex/Erth       16%        N/A       9%          4
 Iskenderun's Mystic Bla  Conj/Tloc      28%        2d7       13%         4
 Vampiric Draining        Necr           12%        2d6       16%         3
 Alistair's Intoxication  Tmut/Pois      23%        N/A       19%         5
 Arcjolt                  Conj/Air       16%        1d26      24%         5
 Plasma Beam              Fire/Air       16%        2x1d20    24%         5
 Flame Wave               Conj/Fire      12%        2d6       47%         4
 Lee's Rapid Deconstruct  Erth           8%         3d7*      69%         5
 Borgnjor's Vile Clutch   Necr/Erth      7%         N/A       77%         5
 Agony                    Necr           12%        N/A       83%         5
 Malign Gateway           Summ/Tloc      29%        N/A       41%         7
 Dispersal                Tloc           22%        N/A       43%         6
 Summon Horrible Things   Summ           35%        N/A       50%         8
 Statue Form              Tmut/Erth      25%        N/A       63%         6
 Storm Form               Tmut/Air       27%        N/A       65%         7
 Conjure Ball Lightning   Conj/Air       16%        3x3d6     78%         6
 Death Channel            Necr           6%         N/A       100%        6
 Starburst                Conj/Fire      6%         6d4       100%        6
 Discord                  Hex            24%        N/A       100%        8
 Disjunction              Tloc           22%        N/A       100%        8
 Maxwell's Capacitive Co  Air            26%        ∞         100%        8
 Portal Projectile        Hex/Tloc       Unusable   N/A       N/A         3
 Animate Dead             Necr           Unusable   N/A       N/A         4

Dungeon Overview and Level Annotations

Branches:
Dungeon (15/15)            Temple (1/1) D:5            Lair (5/5) D:9
 Shoals (1/4) Lair:2        Snake (3/4) Lair:3        Slime (0/5) Lair:5
    Orc (2/2) D:10            Elf (0/3) Orc:2        Vaults (0/5) D:14
 Depths (0/4) D:15          IceCv (visited)

Altars:
Ashenzari
Cheibriados
Dithmenos
Elyvilon
Fedhas
Gozag
Hepliaklqana
Kikubaaqudgha
Makhleb
Nemelex Xobeh
Okawaru
Qazlal
Ru
Sif Muna
Trog
Uskayaw
Vehumet
Wu Jian
Xom
Yredelemnul
Zin
The Shining One

Shops:
D:3 [(*   D:13 =:   D:14 =   Orc:1 !   Orc:2 ([?   Snake:1 (*(=(

Portals:
Trove: D:11 (give 19 potions of curing)

Annotations:
D:13 Azrael
Snake:2 Vashnia


Innate Abilities, Weirdness & Mutations

You have sharp claws.
You have razor-sharp teeth.
You have supernaturally acute eyesight. (SInv)
You cover ground quickly. (Speed+)
Your thick and shaggy fur keeps you warm. (AC +3, rC+)
Your paws help you pounce on unaware monsters.
You are incapable of wielding weapons or throwing items.
You cannot wear armour.
You gain extra lives every three experience levels.


Message History

Your warg closely misses the black mamba.
You feel very sick.
* * * LOW HITPOINT WARNING * * *
You are lethally poisoned!
* * * LOW HITPOINT WARNING * * *
You are more poisoned.
The black mamba bites your lightning spire!
The naga ritualist hits your lightning spire but does no damage.
The naga ritualist hits your warg with a +0 battleaxe!
The naga ritualist constricts your lightning spire.
Your guardian golem overheats!
Your warg closely misses the black mamba.
The black mamba completely misses your lightning spire.
You feel better.
* * * LOW HITPOINT WARNING * * *
You are poisoned.
* * * LOW HITPOINT WARNING * * *
You are more poisoned.
The naga ritualist's toxic aura wanes.
The black mamba bites your lightning spire.
Flame seeps out of your guardian golem.
Your cactus giant closely misses the black mamba.
The naga ritualist loses its grip on your lightning spire.
Your guardian golem is engulfed in blazing flames.
Flame seeps out of your guardian golem.
Your lightning spire shoots out a bolt of lightning at the black mamba!
The bolt of electricity hits the black mamba!!
The black mamba dies!
The bolt of electricity hits the naga ritualist.
The bolt of electricity hits the naga ritualist!
You feel sick.
* * * LOW HITPOINT WARNING * * *
You are lethally poisoned!
Your warg bites the naga ritualist!
Your guardian golem is engulfed in blazing flames.
Flame seeps out of your guardian golem.
The naga ritualist utters an invocation to its god.
The naga ritualist begins to radiate toxic energy.
You die...
Your body crumbles into a pile of gold.

#.#.#
####.....#
..N
#........#
###'###
####.....#
#8.h.8#
#..####
#.NN8.#
#.###..
####.C9.##
#.#....
#........#
#...⌠..
#........#
###..##
#.....@..####
##'#.
####........#
#...
###......#
#### ###....#
#.#### #.#
#.# #.# #
#.### #


You could see 3 naga ritualists, a friendly cactus giant (summoned, sheltered),
a friendly guardian golem (summoned, inner flame), a friendly warg (summoned,
sheltered) and a friendly lightning spire (summoned, sheltered).

Vanquished Creatures
  Mlioglotl (Snake:2)
  2 naga sharpshooters (Snake:2)
  Grinder (D:4)
  A scorpion (D:4)
  An electric eel (Snake:1)
  4 orcs
10 creatures vanquished.

Vanquished Creatures (collateral kills)
  Louise (D:14)
  A caustic shrike skeleton (D:15)
  Nessos (D:14)
  A minotaur (Lair:3)
  The ghost of Darkkill the Fighter, a journeyman MiHu of Gozag (Lair:3)
  4 hydras
  A quicksilver dragon skeleton (D:15)
  8 vault guards (D:14)
  2 centaur warriors
  10 anacondas
  A death knight (D:15)
  5 boulder beetles
  An ironbound frostheart (IceCv)
  5 two-headed ogres
  10 death yaks
  8 naga warriors
  Urug (Orc:2)
  2 orc high priests (Orc:2)
  2 naga sharpshooters
  2 shock serpents
  Sonja (Lair:4)
  2 skysharks
  2 skeletal warriors (D:15)
  A flayed ghost (D:12)
  A salamander mystic (Snake:3)
  5 naga ritualists
  Lodul (D:10)
  4 orc knights
  A necromancer (D:15)
  A deep elf pyromancer (D:12)
  8 mana vipers
  4 harpies (Shoals:1)
  5 orc sorcerers
  8 ugly things
  A manticore (D:15)
  A shadow dragon skeleton (D:15)
  9 cyclopes
  8 naga magi
  2 guardian serpents (Snake:2)
  6 salamanders
  3 elephants (Lair:5)
  Maurice (Orc:1)
  10 cane toads
  28 black mambas
  An ice statue (IceCv)
  An eye of devastation (Lair:5)
  3 unseen horrors
  2 torpor snails (Lair:4)
  2 gargoyles (D:11)
  Maggie (D:8)
  13 komodo dragons
  2 rime drakes
  An efreet (D:15)
  A yaktaur (D:12)
  6 trolls
  A wind drake (Shoals:1)
  5 hornets
  A merfolk (Shoals:1)
  Prince Ribbit (D:7)
  21 polar bears
  19 blink frogs
  7 nameless horrors
  A snapping turtle (Shoals:1)
  12 spriggans
  4 wyverns
  71 yaks
  A shadow (D:12)
  4 fire elementals (D:13)
  4 basilisks
  A steam dragon (D:8)
  8 redbacks (D:12)
  An acid dragon (D:12)
  3 vampire mosquitoes (D:13)
  8 wargs (Orc:2)
  25 nagas
  2 hell hounds (D:13)
  14 water moccasins
  A floating eye (Lair:5)
  5 black bears
  19 orc warriors
  A sky beast (D:7)
  7 boggarts
  37 wolves
  16 ogres
  15 centaurs
  2 phantoms
  3 kobold brigands (D:10)
  7 bullfrogs
  3 gnoll sergeants
  A wyvern zombie (D:7)
  A scorpion (D:6)
  13 wights
  Dowan (D:5)
  A hornet simulacrum (D:15)
  3 killer bees (D:9)
  10 howler monkeys
  4 hounds
  2 centaur zombies (D:7)
  A bullfrog zombie (D:7)
  14 orc priests
  A gnoll bouda (D:7)
  2 sleepcaps (D:7)
  24 orc wizards
  3 iguanas
  A howler monkey zombie (D:7)
  26 gnolls
  3 adders
  A river rat (Lair:1)
  A shadow imp (D:6)
  13 white imps
  An ufetubus (D:7)
  4 dart slugs
  77 orcs
  5 ball pythons
  6 bats
  6 endoplasms
  3 giant cockroaches
  5 goblins
  5 hobgoblins
  16 jackals
  10 kobolds
  2 quokkas
  2 frilled lizards (D:3)
  6 rats
  A butterfly (D:5)
818 creatures vanquished.

Vanquished Creatures (others)
  Jorgrun (D:14)
  An ironbound frostheart (IceCv)
  2 centaur warriors
  A two-headed ogre (D:8)
  A titan zombie (D:15)
  2 naga warriors (Snake:3)
  An orc high priest (Orc:2)
  2 death yaks (Lair:5)
  2 naga sharpshooters (Snake:2)
  A flayed ghost (D:15)
  2 orc knights
  A naga mage (Snake:3)
  3 black mambas
  2 komodo dragons
  A rime drake (Lair:5)
  A hornet (Lair:5)
  A polar bear (IceCv)
  A blink frog (Lair:3)
  A slime creature (D:12)
  2 wyverns
  2 spriggans (Lair:5)
  11 dancing weapons
  9 yaks
  3 nagas
  An acid dragon (D:9)
  Duvessa (D:5)
  A water moccasin (D:4)
  3 orc warriors
  2 ice beasts (D:7)
  Pargi (D:4)
  A black bear (Lair:5)
  A boggart (Lair:5)
  An ogre (D:10)
  3 centaurs
  2 gnoll sergeants
  A bullfrog (D:7)
  2 scorpions (D:5)
  3 wights (D:7)
  13 gnolls (D:5)
  A river rat (Lair:1)
  17 orcs
  A jackal (D:5)
  29 fungi
  28 plants
  7 withered plants
173 creatures vanquished.

Grand Total: 1001 creatures vanquished

Notes
Turn   | Place    | Note
-------+----------+-------------------------------------------
     0 | D:1      | NinjaNoafa the Felid Summoner began the quest for the Orb.
     0 | D:1      | Reached XP level 1. HP: 7/7 MP: 4/4
   239 | D:1      | Reached XP level 2. HP: 11/11 MP: 3/6
   242 | D:1      | Learned a level 2 spell: Call Imp
   643 | D:2      | Found a faded altar of an unknown god.
   853 | D:2      | Reached XP level 3. HP: 14/14 MP: 2/8
   857 | D:2      | Learned a level 3 spell: Call Canine Familiar
  1200 | D:3      | Found Pekal's Antique Weapon Shop.
  1334 | D:3      | Found Ulue's General Store.
  1342 | D:3      | Bought a scroll of identify for 20 gold pieces
  1342 | D:3      | Bought a scroll of fear for 40 gold pieces
  1342 | D:3      | Bought a potion of lignification for 30 gold pieces
  1346 | D:3      | Identified a scroll of acquirement
  1386 | D:3      | Reached XP level 4. HP: 17/18 MP: 3/9
  1429 | D:3      | Noticed a bullfrog
  1461 | D:3      | Killed a bullfrog
  1462 | D:3      | Reached skill level 5 in Summonings
  1495 | D:3      | Reached XP level 5. HP: 21/21 MP: 1/11
  1624 | D:2      | Acquired the ring of the Hare {EV+10}
  1624 | D:2      | Found the ring of the Hare {EV+10}
  1730 | D:3      | Found Plog's Armour Shop.
  1820 | D:4      | Reached skill level 1 in Hexes
  1882 | D:4      | Noticed an orc warrior
  1948 | D:4      | Noticed Grinder
  1956 | D:4      | Paralysed by Grinder for 2 turns
  1990 | D:4      | Noticed a water moccasin
  2005 | D:4      | Learned a level 3 spell: Summon Guardian Golem
  2107 | D:4      | Paralysed by Grinder for 5 turns
  2112 | D:4      | Killed Grinder
  2113 | D:4      | Gained mutation: You are covered in thick fur. (AC +2)
                  | [Felid growth]
  2113 | D:4      | Reached XP level 6. HP: 10/24 MP: 2/13
  2221 | D:4      | HP: 1/24 [orc warrior/bolt (23)]
  2227 | D:4      | Killed a water moccasin
  2228 | D:4      | Reached XP level 7. HP: 3/27 MP: 7/15
  2242 | D:4      | Noticed Pargi
  2316 | D:2      | Learned a level 3 spell: Tukima's Dance
  2393 | D:3      | Bought a scroll of vulnerability for 40 gold pieces
  2811 | D:4      | Found a sparkling altar of Nemelex Xobeh.
  2838 | D:4      | Reached skill level 5 in Spellcasting
  2838 | D:4      | Reached skill level 5 in Hexes
  3049 | D:4      | Killed Pargi
  3105 | D:5      | Entered Level 5 of the Dungeon
  3238 | D:5      | Reached XP level 8. HP: 28/31 MP: 6/17
  3645 | D:5      | Noticed Dowan
  3654 | D:5      | Noticed Duvessa
  3685 | D:5      | Killed Dowan
  4468 | D:5      | Found a staircase to the Ecumenical Temple.
  4485 | Temple   | Entered the Ecumenical Temple
  5257 | D:5      | Killed Duvessa
  5258 | D:5      | Reached XP level 9. HP: 30/34 MP: 8/21
  5707 | D:6      | Identified the +2 helmet of Piduffesk {rF++}
  5840 | D:6      | Found a bloodstained altar of Trog.
  6049 | D:6      | Identified the +3 leather armour of the Game of Life
                  | {*Corrode rF+ Int+5}
  6114 | D:6      | Found a broken altar of Ashenzari.
  6359 | D:7      | Reached skill level 1 in Air Magic
  6411 | D:7      | Learned a level 4 spell: Summon Lightning Spire
  6630 | D:7      | Noticed Prince Ribbit
  6647 | D:7      | Killed Prince Ribbit
  6648 | D:7      | Reached skill level 10 in Summonings
  6843 | D:7      | Found a shimmering blue altar of Sif Muna.
  6845 | D:7      | Found an iron altar of Okawaru.
  7058 | D:8      | Reached XP level 10. HP: 26/37 MP: 19/23
  7072 | D:8      | Identified the orb of the Alphagorgon {light, Int+2 Slay+3}
  7078 | D:8      | Noticed a two-headed ogre
  7090 | D:8      | Killed a two-headed ogre
  7249 | D:8      | Noticed Maggie
  7260 | D:8      | Killed Maggie
  7261 | D:8      | Reached skill level 5 in Air Magic
  8101 | D:9      | Reached skill level 10 in Spellcasting
  8160 | D:9      | Found a faded altar of an unknown god.
  8160 | D:9      | Found a hazy altar of Hepliaklqana.
  8167 | D:9      | Found a faded altar of an unknown god.
  8169 | D:9      | Found an opulent altar of Gozag.
  8171 | D:9      | Found a basalt altar of Yredelemnul.
  8306 | D:9      | Became a worshipper of Gozag Ym Sagoz the Greedy
  8579 | D:9      | Reached skill level 1 in Fighting
  8579 | D:9      | Reached skill level 3 in Dodging
  8786 | D:9      | Reached skill level 4 in Dodging
  8827 | D:9      | Found a staircase to the Lair.
  8992 | D:10     | Entered Level 10 of the Dungeon
  9014 | D:10     | Noticed a two-headed ogre
  9038 | D:10     | Killed a two-headed ogre
  9039 | D:10     | Reached skill level 5 in Dodging
  9039 | D:10     | Reached XP level 11. HP: 45/45 MP: 13/26
  9347 | D:10     | Found a staircase to the Orcish Mines.
  9508 | D:10     | Reached skill level 6 in Dodging
  9692 | D:10     | Noticed Lodul
  9702 | D:10     | Killed Lodul
  9703 | D:10     | Reached skill level 5 in Translocations
  9764 | D:10     | Reached skill level 7 in Dodging
  9902 | D:10     | Learned a level 4 spell: Passage of Golubria
  9946 | D:10     | Reached skill level 5 in Fighting
 10452 | Lair:1   | Entered Level 1 of the Lair of Beasts
 10514 | Lair:1   | Reached skill level 8 in Dodging
 10765 | Lair:1   | Reached skill level 9 in Dodging
 11136 | Lair:1   | Gained mutation: Your thick and shaggy fur keeps you warm.
                  | (AC +3, rC+) [Felid growth]
 11136 | Lair:1   | Reached XP level 12. HP: 53/53 MP: 19/27
 11440 | Lair:1   | Reached skill level 10 in Dodging
 11769 | Lair:2   | Found a staircase to the Shoals.
 12103 | Lair:2   | Reached skill level 11 in Dodging
 12493 | Lair:2   | Learned a level 6 spell: Summon Cactus Giant
 12893 | Lair:3   | Found a staircase to the Snake Pit.
 13105 | Lair:3   | Reached skill level 12 in Dodging
 13313 | Lair:3   | Noticed Darkkill's ghost (journeyman MiHu)
 13316 | Lair:3   | Noticed a minotaur
 13368 | Lair:3   | Found a runed translucent gate.
 13368 | Lair:3   | Found a runed translucent gate.
 13368 | Lair:3   | Found a runed translucent gate.
 13968 | Lair:4   | Noticed an eight-headed hydra
 13968 | Lair:4   | Noticed a death yak
 14068 | Lair:3   | Killed a death yak
 14069 | Lair:3   | Reached XP level 13. HP: 56/60 MP: 8/28
 14185 | Snake:1  | Entered Level 1 of the Snake Pit
 14197 | Snake:1  | Found Resu's Antique Weapon Shoppe.
 14726 | Lair:4   | Reached skill level 13 in Dodging
 14926 | Lair:4   | Noticed Sonja
 14958 | Lair:4   | Killed Sonja
 14959 | Lair:4   | Reached skill level 10 in Fighting
 15336 | Lair:5   | Entered Level 5 of the Lair of Beasts
 15369 | Lair:5   | Paralysed by a floating eye for 4 turns
 15468 | Lair:5   | Found a frozen archway.
 15499 | IceCv    | Entered an ice cave
 15695 | IceCv    | Reached skill level 14 in Dodging
 16571 | IceCv    | Reached XP level 14. HP: 33/67 MP: 2/29
 16692 | IceCv    | Killed from afar by an ironbound frostheart
 16693 | IceCv    | Reached XP level 13. HP: -5/63 MP: 0/28
 17101 | Lair:5   | Reached skill level 15 in Dodging
 17173 | Lair:5   | Paralysed by a hornet for 1 turns
 17179 | Lair:5   | Found a staircase to the Slime Pits.
 18749 | Lair:5   | Paralysed by a hornet for 3 turns
 18765 | Lair:5   | Reached skill level 16 in Dodging
 19249 | Orc:1    | Entered Level 1 of the Orcish Mines
 19383 | Orc:1    | Noticed Maurice
 19493 | Orc:1    | Reached XP level 14. HP: 69/69 MP: 10/29
 19752 | Orc:1    | Killed Maurice
 19753 | Orc:1    | Reached skill level 1 in Transmutations
 19886 | Orc:1    | Found Zexuq's Distillery.
 19894 | Orc:1    | Bought a potion of mutation for 104 gold pieces
 19894 | Orc:1    | Bought a potion of lignification for 39 gold pieces
 19894 | Orc:1    | Bought a potion of attraction for 39 gold pieces
 19894 | Orc:1    | Bought a potion of brilliance for 52 gold pieces
 19894 | Orc:1    | Bought a potion of cancellation for 104 gold pieces
 19894 | Orc:1    | Bought a potion of heal wounds for 65 gold pieces
 19894 | Orc:1    | Bought a potion of haste for 130 gold pieces
 20075 | Orc:2    | Entered Level 2 of the Orcish Mines
 20263 | Orc:2    | Found a staircase to the Elven Halls.
 20276 | Orc:2    | Noticed Urug
 20280 | Orc:2    | Killed Urug
 20285 | Orc:2    | Found a shimmering altar of Xom.
 21018 | D:11     | Found a portal to a secret trove of treasure.
 21557 | D:11     | Found an ancient bone altar of Kikubaaqudgha.
 22718 | D:12     | Identified the +7 trident of the Big Fish {freeze, Will+
                  | Dex+4}
 22933 | D:12     | Reached skill level 17 in Dodging
 23465 | Orc:2    | Reached skill level 5 in Transmutations
 24074 | Orc:2    | Found Fati's Magic Scroll Emporium.
 24079 | Orc:2    | Found Rextabar's Armour Shop.
 24085 | Orc:2    | Bought 2 scrolls of identify for 52 gold pieces
 24089 | Orc:2    | Bought a scroll of butterflies for 52 gold pieces
 24089 | Orc:2    | Bought a scroll of butterflies for 52 gold pieces
 24089 | Orc:2    | Bought 2 scrolls of immolation for 104 gold pieces
 24089 | Orc:2    | Bought a scroll of teleportation for 39 gold pieces
 24089 | Orc:2    | Bought a scroll of teleportation for 39 gold pieces
 24089 | Orc:2    | Bought 2 scrolls of torment for 247 gold pieces
 24092 | Orc:2    | Found Ocidacvu's Magic Scroll Shop.
 24094 | Orc:2    | Found Baecaghir's Weapon Emporium.
 24100 | Orc:2    | Bought a scroll of identify for 24 gold pieces
 24100 | Orc:2    | Bought a scroll of identify for 24 gold pieces
 24100 | Orc:2    | Bought a scroll of identify for 24 gold pieces
 24100 | Orc:2    | Bought 2 scrolls of identify for 48 gold pieces
 24115 | Orc:2    | Learned a level 5 spell: Yara's Violent Unravelling
 24116 | Orc:2    | Bought a scroll of amnesia for 48 gold pieces
 24119 | Orc:2    | Bought a scroll of fear for 48 gold pieces
 24119 | Orc:2    | Bought a scroll of teleportation for 36 gold pieces
 24119 | Orc:2    | Bought a scroll of vulnerability for 48 gold pieces
 24119 | Orc:2    | Bought a scroll of vulnerability for 48 gold pieces
 24258 | D:13     | Bought the ring of the Middle {+Blink Fly rN+ Dex+4} for
                  | 485 gold pieces
 24267 | D:13     | Bought a book of the Sky for 440 gold pieces
 24524 | D:13     | Reached skill level 1 in Evocations
 24558 | D:13     | Bought an amulet of regeneration for 330 gold pieces
 24636 | D:13     | Noticed Azrael
 24950 | Snake:1  | Found Cinwic's Jewellery Shoppe.
 24950 | Snake:1  | Found Tyah's Weapon Shoppe.
 25067 | Snake:1  | Reached XP level 15. HP: 74/74 MP: 16/30
 25220 | Snake:1  | Reached skill level 15 in Summonings
 25316 | Snake:1  | Found Vaclafup's Antique Weapon Shoppe.
 25402 | Snake:1  | Found Ishrulik's Assorted Antiques.
 25410 | Snake:1  | Bought a potion of lignification for 114 gold pieces
 25410 | Snake:1  | Bought a potion of attraction for 114 gold pieces
 25410 | Snake:1  | Bought a potion of haste for 380 gold pieces
 25410 | Snake:1  | Bought a potion of brilliance for 152 gold pieces
 25985 | Snake:2  | HP: 1/74 [naga sharpshooter/arrow (23)]
 26163 | Snake:2  | Found a flickering gateway to a bazaar.
 26169 | Bazaar   | Entered a bazaar
 26180 | Bazaar   | Found Wihisep's Book Shop.
 26180 | Bazaar   | Found Zothoggu's Assorted Antiques.
 26240 | Bazaar   | Found Miyterph's General Store.
 26240 | Bazaar   | Found Alija's Jewellery Boutique.
 26268 | Bazaar   | Bought a transparent steel ring for 135 gold pieces
 26268 | Bazaar   | Identified the ring of Ciefuah {rElec Will+ SInv} (You
                  | bought it in a shop in a bazaar)
 26270 | Bazaar   | Bought a potion of curing for 81 gold pieces
 26324 | Bazaar   | Bought a phial of floods for 520 gold pieces
 26359 | Bazaar   | Bought a Grand Grimoire for 408 gold pieces
 26359 | Bazaar   | Bought a book of Lightning for 456 gold pieces
 26359 | Bazaar   | Bought a book of Burglary for 240 gold pieces
 26410 | Bazaar   | Learned a level 2 spell: Passwall
 26792 | Snake:2  | Noticed Vashnia
 27355 | Snake:2  | Noticed Mlioglotl
 27359 | Snake:2  | Noticed a hellephant
 27360 | Snake:2  | Noticed a bone dragon
 27365 | Snake:2  | Killed Mlioglotl
 27834 | Snake:2  | Reached skill level 5 in Evocations
 28204 | Snake:2  | Shot with an arrow by a naga sharpshooter
 28205 | Snake:2  | Reached XP level 14. HP: -3/70 MP: 15/29
 28300 | Shoals:1 | Entered Level 1 of the Shoals
 28474 | Shoals:1 | Killed from afar by a water nymph
 28475 | Shoals:1 | Reached XP level 13. HP: -12/66 MP: 16/28
 29209 | Lair:3   | Killed a minotaur
 29211 | Lair:3   | Killed Darkkill's ghost
 29753 | D:14     | Reached XP level 14. HP: 52/71 MP: 20/29
 29787 | D:14     | Noticed Jorgrun
 29815 | D:14     | Killed Jorgrun
 30037 | D:14     | Identified the +5 longbow of Descent {drain, rPois rC+}
 30050 | D:14     | Noticed Nessos
 30059 | D:14     | Killed Nessos
 30064 | D:14     | Noticed Louise
 30082 | D:14     | Killed Louise
 30359 | D:14     | Found a gate to the Vaults.
 30406 | D:14     | Found a hide-covered altar of Uskayaw.
 31001 | D:15     | Entered Level 15 of the Dungeon
 31398 | D:15     | Found a staircase to the Depths.
 33095 | Snake:3  | Reached XP level 15. HP: 75/75 MP: 24/30
 33136 | Snake:3  | Reached skill level 10 in Transmutations
 33436 | Snake:3  | HP: 3/75 [naga ritualist/Olgreb's Toxic Radiance (3)]
 33436 | Snake:3  | Killed from afar by a naga ritualist

Illustrated notes

Levels and vault maps discovered:
D:1:      saegor_arrival_simple_a, layout_basic, minmay_misc_feat_columns,
          dreamdust_princess_bridge
D:2:      layout_basic, dreamdust_ecumenical_altar_grove, serial_glass,
          glass_columns_a, glass_columns_a, kennysheep_generic_room_14
D:3:      layout_loops_ring, serial_shops, shop, nicolae_diamond_shop,
          nicolae_shop_stone, corexii_corridor_pit
D:4:      layout_rooms, nemelex_xobeh_ov_fountains_minmay,
          guppyfry_early_orc_mine, uniq_grinder, uniq_pargi
D:5:      lemuel_castle_with_subvaults [lemuel_castle_interior_carwin_1],
          layout_cave_pods, minmay_temple_entry_butterflies, uniq_duvessa
D:6:      layout_basic, nicolae_ashenzari_skybound, general_overflow_altar
D:7:      layout_cave_pools, jmf_multi_god_temple, serial_undead,
          serial_undead_a, serial_undead_b, serial_undead_d, serial_undead_b,
          uniq_prince_ribbit1
D:8:      layout_loops_cross, uniq_maggie
D:9:      layout_rooms, chequers_temple_overflow_minitemple, erik_lair_dragon
D:10:     layout_stronghold, kennysheep_orc_monster_closet_entryway, uniq_lodul
D:11:     layout_gridville, enter_trove_3, kiku_gazebo_garden_becter
D:12:     hourglass_vault, layout_cave_pools, drop_trap
D:13:     layout_irregular_city, uniq_azrael
D:14:     layout_roguey, erik_vaults_2, nicolae_uskayaw_en_pointe, minivault_24,
          uniq_louise, uniq_jorgrun, uniq_nessos
D:15:     gammafunk_depths_entry_grave, layout_basic, chequers_mini_garden
Temple:   nicolae_temple_bog_church
Lair:1:   layout_cave_pods, pond
Lair:2:   layout_regular_city, elwin_shoals_entry_rocks
Lair:3:   layout_loops_ring, minmay_snake_entry_guardpost_small,
          maelrawn_ghost_gauntlet_escape
Lair:4:   layout_cave_shapes, grunt_forest_stairs_clearing, uniq_sonja
Lair:5:   minmay_lair_end_enchanted_forest, layout_layer_cave,
          minmay_slime_entry_eyes, portal_ice_cave_entry_imps,
          small_statue_intersection, st_stairs_9, minivault_25
Shoals:1: layout_shoals
Snake:1:  layout_gridlike, serial_shops, nicolae_shop_waterfront, shop,
          nicolae_shop_trees, shop, nicolae_shop_waterfront
Snake:2:  layout_grid_maze, serial_shops, bzr_entry_safe, uniq_mlioglotl,
          uniq_vashnia
Snake:3:  nicolae_snake_hallway, layout_misc_corridors, drop_trap,
          nicolae_snake_naga_rites, grunt_megastairs_4
Orc:1:    layout_caves, serial_shops, nicolae_shop_statue_plus,
          david_defended_altar_orc, uniq_maurice
Orc:2:    st_orc_elflike, layout_caves, basic_altar, mines5_lemuel, uniq_urug

Skill      XL: |  1  2  3  4  5  6  7  8  9 10 11 12 13 14 15 |
---------------+----------------------------------------------+-----
Spellcasting   | 3 4 5 7 8 10 | 10.6
Summonings     | 5 6 7 8 10 11 14 15 | 15.6
Hexes          | 3 4 6 8 |  8.0
Air Magic      | 3 7 8 |  8.9
Fighting       | 3 6 9 12 13 | 13.9
Dodging        | 5 9 12 16 17 | 17.9
Translocations | 2 7 |  7.0
Transmutations | 9 10 | 10.2
Evocations     | 7 5 |  7.1
Stealth        | |  2.6
Earth Magic    | |  0.9

Action                     |  1- 3 |  4- 6 |  7- 9 | 10-12 | 13-15 || total
---------------------------+-------+-------+-------+-------+-------++-------
  Melee: Unarmed           |     3 |    15 |     5 |     5 |    33 ||    61
         Bite              |       |       |     2 |     2 |     7 ||    11
         Punch             |       |       |       |       |     1 ||     1
   Cast: Summon Small Mamm |    37 |     4 |    63 |    18 |     2 ||   124
         Call Imp          |    13 |     7 |    34 |    10 |     1 ||    65
         Call Canine Famil |     8 |    14 |    50 |    28 |   102 ||   202
         Summon Guardian G |       |     3 |    44 |    27 |    86 ||   160
         Tukima's Dance    |       |       |     9 |    20 |    36 ||    65
         Summon Lightning  |       |       |     7 |    78 |    68 ||   153
         Passage of Golubr |       |       |       |     5 |     9 ||    14
         Summon Cactus Gia |       |       |       |    17 |   236 ||   253
         Passwall          |       |       |       |       |     8 ||     8
         Yara's Violent Un |       |       |       |       |     8 ||     8
 Invoke: Call Merchant     |       |       |       |       |     3 ||     3
         Potion Petition   |       |       |       |       |     1 ||     1
  Evoke: Wand              |       |       |       |     2 |    12 ||    14
         Condenser vane    |       |       |       |       |     1 ||     1
    Use: Scroll            |     5 |     3 |     4 |     3 |    21 ||    36
         Potion            |       |     2 |       |       |     8 ||    10
   Stab: Distracted        |       |       |       |       |     1 ||     1
 Armour: Skin              |     9 |    11 |     3 |     7 |    22 ||    52
  Dodge: Dodged            |    51 |    31 |   224 |   410 |  1311 ||  2027

Table legend: (Time is in decaauts)
 A = Elapsed time spent in this place.
 B = Non-inter-level travel time spent in this place.
 C = Inter-level travel time spent in this place.
 D = Time resting spent in this place.
 E = Time spent auto-exploring this place.
 F = Levels seen in this place.
 G = Mean time per level.
                   A        B        C        D        E       F      G
               +--------+--------+--------+--------+--------+-----+--------+
         Total |  28660 |  25399 |   3261 |   2076 |  12774 |  29 |  988.3 |
       Dungeon |  14508 |  12773 |   1735 |    702 |   6708 |  15 |  967.2 |
        Temple |    148 |    135 |     13 |      0 |    126 |   1 |  148.0 |
          Lair |   6390 |   5712 |    678 |    386 |   3126 |   5 | 1278.0 |
        Shoals |    199 |    199 |      0 |     65 |     14 |   1 |  199.0 |
     Snake Pit |   3704 |   3149 |    555 |    459 |   1449 |   3 | 1234.7 |
  Orcish Mines |   2138 |   1861 |    277 |    212 |    790 |   2 | 1069.0 |
        Bazaar |    215 |    215 |      0 |      0 |    127 |   1 |  215.0 |
      Ice Cave |   1354 |   1354 |      0 |    252 |    432 |   1 | 1354.0 |
               +--------+--------+--------+--------+--------+-----+--------+

Top non-repeatable levels by time:
 Snake:2: 1815 daAuts
     D:5: 1805 daAuts
  Lair:5: 1625 daAuts
  Lair:3: 1541 daAuts
    D:10: 1368 daAuts
   IceCv: 1354 daAuts
    D:11: 1341 daAuts
     D:9: 1334 daAuts
 Snake:1: 1308 daAuts
    D:14: 1195 daAuts
   Orc:1: 1170 daAuts
  Lair:1: 1143 daAuts
  Lair:4: 1087 daAuts
  Lair:2: 993 daAuts
    D:12: 969 daAuts
